 Dungeon Crawl Stone Soup version 0.31-a0-239-g0a1456f148 (webtiles) character file.

Game seed: 14016706776176163580

93 qw the Shooter (level 4, -3/26 HPs)
             Began as a Gargoyle Hexslinger on July 11, 2023.
             Slain by a kobold
             ... wielding a +0 club
              (4 damage)
             ... on level 3 of the Dungeon.
             The game lasted 00:00:40 (1989 turns).

qw the Shooter (Gargoyle Hexslinger)                Turns: 1989, Time: 00:00:41

Health: -3/26      AC:  8    Str: 11    XL:     4   Next: 61%
Magic:  5/5        EV: 10    Int: 14    God:
Gold:   36         SH:  0    Dex: 14    Spells: 4/5 levels left

rFire   . . .        Y - +1 sling
rCold   . . .        (no shield)
rNeg    + . .        i - +0 ring mail
rPois   inf          (no helmet)
rElec   +            (no cloak)
rCorr   .            (no gloves)
SInv    .            (no boots)
Will    .....        (no amulet)
Stlth   +            (no ring)
HPRegen 0.24/turn    (no ring)
MPRegen 0.09/turn

%: no passive effects
@: no status effects
A: sickness immunity, AC +3, negative energy resistance 1, electricity
resistance, torment resistance 1, petrification resistance
a: no special abilities


You were on level 3 of the Dungeon.
You visited 1 branch of the dungeon, and saw 3 of its levels.

You collected 36 gold pieces.


Innate Abilities, Weirdness & Mutations

You are immune to sickness and miasma.
Your stone body is resilient. (AC +3)
You are immune to poison.
You resist negative energy. (rN+)
You are resistant to electric shocks. (rElec)
You are resistant to unholy torment.
You are immune to petrification.


   Skills:
 - Level 2.0 Fighting
 + Level 4.2 Ranged Weapons
 - Level 1.0 Armour
 - Level 1.5 Dodging
 - Level 1.0 Spellcasting
 - Level 2.6 Hexes


You had 4 spell levels left.
You knew the following spells:

 Your Spells              Type           Power      Damage    Failure   Level
a - Slow                  Hex            32%        N/A       21%         1

Your spell library contained the following spells:

 Spells                   Type           Power      Damage    Failure   Level
 Inner Flame              Hex/Fire       4%         N/A       71%         3
 Portal Projectile        Hex/Tloc       8%         N/A       71%         3
 Cause Fear               Hex            4%         N/A       90%         4

Inventory:

Hand Weapons
 Y - a +1 sling (weapon)
Armour
 i - a +0 ring mail (worn)
Jewellery
 b - an amulet of faith
Potions
 a - a potion of brilliance {unknown}
 c - a potion of berserk rage {unknown}
 e - a potion of curing {unknown}

Dungeon Overview and Level Annotations

Branches:
Dungeon (3/15)

Altars:

Shops:
D:1 [


Message History

The scorpion is heavily wounded.
The scorpion closely misses you. The kobold hits you with a +0 club.
The scorpion stings you but does no damage.
You shoot a sling bullet.
The sling bullet hits the scorpion but does no damage.
The scorpion is heavily wounded.
The scorpion misses you. The kobold hits you with a +0 club.
The scorpion misses you.
You shoot a sling bullet.
The sling bullet closely misses the scorpion.
The kobold hits you with a +0 club.
The scorpion stings you but does no damage.
The kobold hits you but does no damage.
You shoot a sling bullet.
The sling bullet closely misses the scorpion.
The scorpion completely misses you. The kobold barely misses you.
The scorpion stings you.
You shoot a sling bullet.
The sling bullet hits the scorpion but does no damage.
The scorpion is heavily wounded.
The scorpion stings you but does no damage.
The kobold hits you but does no damage.
You shoot a sling bullet.
The sling bullet barely misses the scorpion.
The scorpion stings you. The kobold closely misses you.
The scorpion closely misses you. The kobold hits you with a +0 club.
You shoot a sling bullet.
The sling bullet barely misses the scorpion.
The scorpion stings you. The kobold hits you but does no damage.
The scorpion stings you.
You shoot a sling bullet.
The sling bullet hits the scorpion but does no damage.
The scorpion is heavily wounded.
The kobold hits you with a +0 club. The scorpion closely misses you.
You shoot a sling bullet.
The sling bullet hits the scorpion but does no damage.
The scorpion is heavily wounded.
The scorpion barely misses you. The kobold barely misses you.
The scorpion closely misses you. The kobold hits you with a +0 club.
You die...

#.......#.....##.#
####.#........##.#
#.....####..##.#
#....#..#....#..
#.......##.#.###
##.#..####.#.###
######.#.###.#......
#...##.#...........#
...#.s@K............#.#
#......###.#.......#.#
.........# ...#.###.#.#
###......# #.#. ....#
#....... .# #.###
..>....... . ..#
###........ .
#.....|..# ##.....#.#


You could see a scorpion and a kobold.

Vanquished Creatures
  4 adders (D:2)
  A dart slug (D:1)
  6 ball pythons
  4 bats
  2 endoplasms
  3 giant cockroaches
  8 goblins
  3 hobgoblins
  5 kobolds
  6 quokkas
  6 frilled lizards
  2 rats
50 creatures vanquished.

Notes
Turn   | Place    | Note
-------+----------+-------------------------------------------
     0 | D:1      | qw the Gargoyle Hexslinger began the quest for the Orb.
     0 | D:1      | Reached XP level 1. HP: 12/12 MP: 2/2
     0 | D:1      | 0 ||| qw: Version: 0.3-a-52-g30416fa
     0 | D:1      | 0 ||| qw: Game counter: 5928
     0 | D:1      | 0 ||| qw: Melee chars always use a shield: true
     0 | D:1      | 0 ||| qw: God list: Okawaru
     0 | D:1      | 0 ||| qw: Allow faded altars: false
     0 | D:1      | 0 ||| qw: Do Orc after clearing Dungeon:15 true
     0 | D:1      | 0 ||| qw: Do second Lair branch before Depths: true
     0 | D:1      | 0 ||| qw: Lair rune preference: random
     0 | D:1      | 0 ||| qw: Goals: Normal
     0 | D:1      | 0 ||| PLANNING D:1-11
   207 | D:1      | Found a faded altar of an unknown god.
   218 | D:1      | Reached XP level 2. HP: 16/16 MP: 3/3
   376 | D:1      | Reached skill level 3 in Ranged Weapons
   462 | D:1      | Found Wabbonar's Antique Armour Shop.
   464 | D:1      | 464 ||| SHOPLISTING transparent ring mail (234 gold, have
                  | 16).
   516 | D:1      | Reached XP level 3. HP: 21/21 MP: 4/4
   919 | D:1      | 919 ||| UPGRADING to +0 leather armour.
   929 | D:1      | 929 ||| DROPPING +0 robe.
   930 | D:1      | 930 ||| UPGRADING to +0 ring mail.
   940 | D:1      | 940 ||| DROPPING +0 leather armour.
   941 | D:1      | 941 ||| READING scroll labelled JAMMEE RUTAARYT.
   944 | D:1      | 944 ||| READING scroll labelled DYITRAALYD.
   945 | D:1      | 945 ||| READING scroll labelled HOEGRU TUNY.
   946 | D:1      | 946 ||| DRINKING 2 viscous cyan potions.
   947 | D:1      | 947 ||| DROPPING scroll of poison.
   948 | D:1      | 948 ||| DROPPING potion of attraction.
  1284 | D:2      | Reached XP level 4. HP: 22/26 MP: 5/5
  1306 | D:2      | Reached skill level 4 in Ranged Weapons
  1515 | D:2      | Reached skill level 1 in Armour
  1854 | D:2      | 1854 ||| READING scroll labelled HOADDA UMIGHIB.
  1967 | D:3      | Noticed a scorpion
  1987 | D:3      | HP: 4/26 [scorpion (3)]
  1988 | D:3      | HP: 1/26 [kobold/+0 club (2)]
  1989 | D:3      | Slain by a kobold

Levels and vault maps discovered:
D:1:      dpeg_arrival_lava_temple_mockup, layout_loops_corners,
          basic_ecumenical_altar, serial_shops, shop, st_stairs_10
D:2:      layout_basic
D:3:      layout_loops_cross, minmay_misc_feat_square

Skill      XL: |  1  2  3  4 |
---------------+-------------+-----
Ranged Weapons | 3 4 |  4.2
Fighting       | 2 |  2.0
Armour         | 1 |  1.0
Dodging        | |  1.5
Spellcasting   | |  1.0
Hexes          | |  2.6

Action                     |  1- 3 |  4- 6 || total
---------------------------+-------+-------++-------
   Fire: Sling             |   100 |    58 ||   158
    Use: Scroll            |     3 |     1 ||     4
         Potion            |     1 |       ||     1
 Armour: Robe              |    13 |       ||    13
         Ring mail         |    11 |    29 ||    40
  Dodge: Dodged            |    20 |    26 ||    46

Table legend:
 A = Non-vault XP
 B = Vault XP
 C = Vault XP percentage of total XP
 D = Non-vault monster count
 E = Vault monster count
 F = Vault count percentage of total count
                 A         B        C        D         E       F
            +---------+---------+-------+---------+---------+-------
      Total |     129 |       4 |   3.0 |      48 |       2 |   4.0
            +---------+---------+-------+---------+---------+-------
        D:1 |      40 |       4 |   9.1 |      24 |       2 |   7.7
        D:2 |      83 |       0 |   0.0 |      21 |       0 |   0.0
        D:3 |       6 |       0 |   0.0 |       3 |       0 |   0.0
            +---------+---------+-------+---------+---------+-------
